 Dungeon Crawl Stone Soup version 0.19.1-1-g22dce08 (webtiles) character file.

300 Jaskiniowiec the Digger (level 6, -1/32 HPs)
             Began as a Gargoyle Earth Elementalist on Jan 7, 2017.
             Killed by nerve-wracking pain
             ... invoked by monokles's ghost
              (6 damage)
             ... on level 3 of the Dungeon.
             The game lasted 00:12:30 (3543 turns).

Jaskiniowiec the Digger (GrEE)                      Turns: 3543, Time: 00:12:31

Health: -1/32      AC:  8    Str: 12    XL:     6   Next: 36%
Magic:  3/12       EV: 12    Int: 17    God:
Gold:   215        SH:  0    Dex: 10    Spells: 3 memorised, 4 levels left

rFire  . . .     SeeInvis .     j - +3 short sword (drain)
rCold  . . .     Gourm    .     c - +0 robe
rNeg   + . .     Faith    .     (no shield)
rPois  ∞         Spirit   .     l - +0 helmet
rElec  +         Reflect  .     (no cloak)
rCorr  .         Harm     .     (no gloves)
MR     .....                    p - +0 pair of boots
Stlth  ++........               (no amulet)
                                (no ring)
                                (no ring)

@: very slightly contaminated
A: negative energy resistance 1, electricity resistance, unbreathing,
petrification resistance, rot immunity, AC +4
a: no special abilities


You were on level 3 of the Dungeon.
You were not hungry.

You visited 1 branch of the dungeon, and saw 3 of its levels.

You collected 215 gold pieces.

Inventory:

Hand Weapons
 a - a +0 club
 j - a +3 short sword of draining (weapon)
 k - a +0 mace
 o - a +0 dagger of venom
Missiles
 b - 91 stones (quivered)
Armour
 c - a +0 robe (worn)
 l - a +0 helmet (worn)
 p - a +0 pair of boots (worn)
Wands
 f - a wand of random effects (28/48)
Scrolls
 d - a scroll of fog
 i - a scroll of remove curse
Potions
 g - 2 potions of mutation
 n - a potion of brilliance {unknown}
 q - a potion of curing {unknown}
 r - a potion of haste {unknown}
 t - a potion of invisibility {unknown}
Books
 e - a book of Geomancy

   Spells                             Type                      Level
   a - Sandblast                      Earth                        1
   b - Passwall                       Transmutation/Earth          2
   c - Stone Arrow                    Conjuration/Earth            3
   d - Petrify                        Transmutation/Earth          4
   e - Lee's Rapid Deconstruction     Earth                        5
Comestibles
 h - 2 meat rations
 m - 5 chunks of flesh
 s - 2 bread rations


   Skills:
 - Level 1.5 Dodging
 - Level 2.1 Stealth
 * Level 4.4 Spellcasting
 + Level 2.7 Conjurations
   Level 0.7 Transmutations
 + Level 5.3 Earth Magic


You had 4 spell levels left.
You knew the following spells:

 Your Spells              Type           Power        Failure   Level  Hunger
a - Sandblast             Erth           ###...       1%          1    None
b - Stone Arrow           Conj/Erth      ###...       10%         3    ###....
c - Lee's Rapid Deconstr  Erth           ###.......   45%         5    ######.


Dungeon Overview and Level Annotations

Branches:
Dungeon (3/15)

Altars:

Annotations:
D:3 monokles's ghost, amateur DsNe


Innate Abilities, Weirdness & Mutations

You are resistant to torment.
Your stone body is resilient. (AC +4)
You are immune to poison.
You resist negative energy. (rN+)
You are resistant to electric shocks. (rElec)
You can survive without breathing.
You are immune to petrification.
You are immune to rotting.


Message History

You miscast Stone Arrow.
You are very lightly contaminated with residual magic.
Sand pours from your hands. Monokles's ghost misses you.
Casting: Stone Arrow
Confirm with . or Enter, or press ? or * to list all spells.
Aiming: Stone Arrow
Press: ? - help, Shift-Dir - straight line, f/p - monokles's ghost
Aim: monokles's ghost, wielding a weapon of electrocution (severely damaged)
The stone arrow hits monokles's ghost.
Monokles's ghost is almost destroyed.
Monokles's ghost hits you but does no damage.
Casting: Stone Arrow
Confirm with . or Enter, or press ? or * to list all spells.
Aiming: Stone Arrow
Press: ? - help, Shift-Dir - straight line, f/p - monokles's ghost
Aim: monokles's ghost, wielding a weapon of electrocution (almost destroyed)
The stone arrow misses monokles's ghost.
Monokles's ghost gestures at you while chanting.
Pain shoots through your body!
You die...

.. +... ..# #... ######.#
#... .......# #### ...#.#
######...################
#.b..##..#........(.....#
......##.................
...W...#@#.#####.####.#.#
s.ss...#W#.# #.# #.#.#
.......#.#.. ... #.#.#
..s....!.#### ##... #.#.#
..!...##..........#.#.#.#
#s..? #.#######.##.#.#.#
#### ... #.. #.... #.#.
... #.### #.#S. ..


You could see monokles's ghost.

Vanquished Creatures
  Sigmund (D:2)
  Terence (D:2)
  Robin (D:2)
  An adder (D:2)
  2 worms (D:2)
  2 dart slugs
  3 leopard geckos
  An orc (D:3)
  6 bats
  5 giant cockroaches
  10 hobgoblins
  7 jackals (D:1)
  2 quokkas (D:3)
  4 frilled lizards
  14 goblins
  9 kobolds
  6 rats
75 creatures vanquished.

Notes
Turn   | Place    | Note
-------+----------+-------------------------------------------
     0 | D:1      | Jaskiniowiec the Gargoyle Earth Elementalist began the quest for the Orb.
     0 | D:1      | Reached XP level 1. HP: 10/10 MP: 3/3
    80 | D:1      | Reached XP level 2. HP: 11/15 MP: 1/5
   851 | D:1      | Reached skill level 4 in Earth Magic
  1151 | D:1      | Reached XP level 3. HP: 19/19 MP: 5/7
  1160 | D:1      | Learned a level 3 spell: Stone Arrow
  1698 | D:2      | Noticed Robin
  1711 | D:2      | Killed Robin
  2203 | D:2      | Reached XP level 4. HP: 24/24 MP: 8/8
  2206 | D:2      | Reached skill level 1 in Conjurations
  2357 | D:2      | Noticed Sigmund
  2377 | D:2      | Killed Sigmund
  2377 | D:2      | Reached skill level 5 in Earth Magic
  2377 | D:2      | Reached XP level 5. HP: 11/28 MP: 3/11
  2377 | D:2      | Reached XP level 6. HP: 12/32 MP: 3/12
  3017 | D:2      | Learned a level 5 spell: Lee's Rapid Deconstruction
  3124 | D:2      | Noticed Terence
  3134 | D:2      | Killed Terence
  3510 | D:3      | Noticed monokles's ghost (amateur DsNe)
  3543 | D:3      | Killed from afar by monokles's ghost

Skill      XL: |  1  2  3  4 |
---------------+-------------+-----
Earth Magic    | 4 5 |  5.3
Spellcasting   | 3 4 |  4.4
Conjurations   | 2 |  2.7
Dodging        | |  1.5
Stealth        | |  2.1
Transmutations | |  0.7

Action                   |  1- 3 |  4- 6 || total
-------------------------+-------+-------++-------
Melee: Club              |    51 |       ||    51
       Short sword       |    32 |   114 ||   146
 Cast: Sandblast         |    25 |       ||    25
       Stone Arrow       |       |     6 ||     6
  Use: Scroll            |     3 |     6 ||     9
       Potion            |       |     1 ||     1
 Stab: Sleeping          |     2 |     2 ||     4
  Eat: Chunk             |     2 |     3 ||     5
       Bread ration      |     1 |       ||     1
Armor: Robe              |    59 |    44 ||   103
Dodge: Dodged            |    95 |    70 ||   165
